 Dungeon Crawl Stone Soup version 0.30-a0-857-gcaf70739d4 (webtiles) character file.

Game seed: 7114077628197901603

51025 fozzywoppz the Grappler (level 14, -15/90 HPs)
             Began as a Gargoyle Fighter on Jan 25, 2023.
             Was a High Priest of Jiyva.
             Killed from afar by a lindwurm (23 damage)
             ... with a blast of flame
             ... on level 5 of the Lair of Beasts on Mar 5, 2023.
             The game lasted 00:46:29 (12806 turns).

fozzywoppz the Grappler (Gargoyle Fighter)         Turns: 12806, Time: 00:46:30

Health: -15/90     AC: 27    Str: 21    XL:     14   Next: 0%
Magic:  14/14      EV: 24    Int:  9    God:    Jiyva [*****.]
Gold:   546        SH:  7    Dex: 19    Spells: 13/13 levels left

rFire   . . .      SeeInvis +      - Unarmed
rCold   + . .      Faith    .    b - +0 buckler
rNeg    + . .      Spirit   .    c - +0 chain mail
rPois   ∞          Reflect  .    I - +1 hat {SInv}
rElec   +          Rampage  .    (no cloak)
rCorr   +                        k - +0 pair of gloves
Will    +....                    a - +0 pair of boots
Stlth   +++                      u - amulet of the acrobat
HPRegen 1.79/turn                h - +6 ring of dexterity
MPRegen 0.59/turn                e - ring of wizardry

@: acrobatic, flying, hasted, very quick
A: sickness immunity, AC +10, big wings, negative energy resistance 1,
electricity resistance, torment resistance 1, petrification resistance,
iridescent scales 3, cold resistance 1, wild magic 1, gelatinous body 1,
pseudopods 2, translucent skin 1, tendrils, jelly sensing items
}: 1/15 runes: slimy
a: Renounce Religion, Oozemancy, Slimify


You were on level 5 of the Lair of Beasts.
You worshipped Jiyva.
Jiyva was extremely pleased with you.
You visited 3 branches of the dungeon, and saw 19 of its levels.
You also visited: Sewer and Volcano.

You collected 643 gold pieces.
You spent 97 gold pieces at shops.

Inventory:

Hand Weapons
 G - the +7 war axe of Muthrodi {vamp, Drain rCorr Str+3}
   (You found it on level 1 of the Lair of Beasts)

   Str:       It affects your strength (+3).
   rCorr:     It protects you from acid and corrosion.
   Drain:     It drains your maximum health when unequipped.
 P - the +3 war axe "Deddam" {heavy, Str+2 Stlth+}
   (You found it on level 5 of the Pits of Slime)

   Str:       It affects your strength (+2).
   Stlth:     It makes you more stealthy.
 Q - the +5 woodcutter's axe
   (You found it on level 5 of the Pits of Slime)
 R - the +3 executioner's axe of Mapp {flame, rCorr Str+5 Int+2 Stlth-}
   (You found it on level 5 of the Pits of Slime)

   Str:       It affects your strength (+5).
   Int:       It affects your intelligence (+2).
   rCorr:     It protects you from acid and corrosion.
   Stlth:     It makes you less stealthy.
 S - the +3 morningstar of Expedience {venom, Int+4 Dex-3}
   (You found it on level 5 of the Pits of Slime)

   Int:       It affects your intelligence (+4).
   Dex:       It affects your dexterity (-3).
Missiles
 w - 11 poisoned darts
 A - a throwing net (quivered)
Armour
 a - a +0 pair of boots (worn)
 b - a +0 buckler (worn)
 c - a +0 chain mail (worn)
 i - a +0 tower shield
 k - a +0 pair of gloves (worn)
 p - the +2 cloak "Etauc" {*Corrode rPois Int+5}
   (You found it on level 8 of the Dungeon)

   Int:       It affects your intelligence (+5).
   rPois:     It protects you from poison.
   *Corrode:  It may corrode you when you take damage.
 I - a +1 hat of see invisible (worn)
 M - a +0 cloak of fire resistance
Jewellery
 e - a ring of wizardry (right hand)
 h - a +6 ring of dexterity (left hand)
 u - an amulet of the acrobat (around neck)
 E - a ring of magical power
 O - the ring "Ruwuigem" {*Corrode rN++ Str+6}
   (You found it on level 5 of the Pits of Slime)

   [ring of strength]

   Str:       It affects your strength (+6).
   rN:        It greatly protects you from negative energy.
   *Corrode:  It may corrode you when you take damage.
 U - an amulet of magic regeneration
Wands
 g - a wand of roots (6)
 l - a wand of digging (7)
 x - a wand of quicksilver (1)
 y - a wand of mindburst (4)
 H - a wand of flame (30)
Scrolls
 d - 4 scrolls of amnesia
 m - a scroll of fog
 n - 7 scrolls of teleportation
 o - a scroll of vulnerability
 B - a scroll of enchant armour {unknown}
 C - a scroll of magic mapping
 K - a scroll of immolation {unknown}
 N - a scroll of poison {unknown}
 T - a scroll of identify
 V - a scroll of acquirement {unknown}
Potions
 f - 2 potions of resistance
 j - 6 potions of curing
 r - 3 potions of mutation
 s - a potion of magic {unknown}
 t - 3 potions of cancellation
 v - a potion of might
 D - a potion of lignification {unknown}
 F - a potion of invisibility {unknown}
Miscellaneous
 J - a condenser vane
 L - a lightning rod (4/4)


   Skills:
 + Level 11.3 Fighting
 + Level 6.7 Armour
 - Level 2.0 Dodging
 + Level 11.5 Stealth
 + Level 11.3 Shields
 + Level 14.9 Unarmed Combat
 - Level 5.0 Evocations


You had 13 spell levels left.
You didn't know any spells.
Your spell library contained the following spells:

 Spells                   Type           Power      Damage    Failure   Level
 Ignite Poison            Fire/Tmut/Pois 0%         N/A       99%         3
 Kindle Blastsparks       Fire/Tloc/Air  0%         2d10      99%         3
 Fulminant Prism          Conj/Hex       0%         3d5       100%        4
 Iskenderun's Mystic Bla  Conj/Tloc      0%         2d3       100%        4
 Petrify                  Tmut/Erth      0%         N/A       100%        4
 Sticky Flame             Conj/Fire      0%         2d3       100%        4
 Irradiate                Conj/Tmut      0%         3d11      100%        5
 Lee's Rapid Deconstruct  Erth           0%         3d4*      100%        5
 Conjure Ball Lightning   Conj/Air       0%         3x3d6     100%        6
 Eringya's Noxious Bog    Tmut/Pois      0%         N/A       100%        6
 Discord                  Hex            0%         N/A       100%        8
 Disjunction              Tloc           0%         N/A       100%        8
 Ignition                 Fire           0%         3d3       100%        8
 Sublimation of Blood     Necr           Unusable   N/A       N/A         2

Dungeon Overview and Level Annotations

Branches:
Dungeon (9/15)             Temple (0/1) D:4            Lair (5/5) D:9
  Swamp (0/4) Lair:3        Snake (0/4) Lair:3        Slime (5/5) Lair:4
    Orc (0/2) D:9           Sewer (visited)         Volcano (visited)

Altars:
Gozag
Trog
Wu Jian
The Shining One
Jiyva

Shops:
D:1 (   D:6 ?

Annotations:
Lair:3 1 runed translucent door, Ryskou's ghost, journeyman DsFi
Lair:5 1 runed translucent door
Slime:5 Royal Jelly


Innate Abilities, Weirdness & Mutations

You are immune to sickness and miasma.
Your stone body is resilient. (AC +10)
You are immune to poison.
Your large and strong wings let you fly.
You resist negative energy. (rN+)
You are resistant to electric shocks. (rElec)
You are resistant to unholy torment.
You are immune to petrification.
You are completely covered in iridescent scales. (AC +6)
Your flesh is cold resistant. (rC+)
Your spells are a little harder to cast, but a little more powerful.
Your rubbery body absorbs attacks. (AC +1, EV +1)
Armour fits poorly on your large pseudopods.
Your translucent skin slightly reduces your foes' accuracy. (Stealth+)
You are covered in slimy tendrils that may disarm your opponents.
You have a small jelly attached to you that senses nearby items.


Message History

The lindwurm is almost dead.
The black mamba barely misses you. x2; The lindwurm bites you!
* * * LOW HITPOINT WARNING * * *
The lindwurm completely misses you.
The lindwurm claws you but does no damage.
The basilisk bites you but does no damage.
You block the basilisk's attack.
Unknown command.
Okay, then.
You feel much better. You block the black mamba's attack.
You hear a distant slurping noise.
The black mamba bites you but does no damage.
The basilisk bites you!
* * * LOW HITPOINT WARNING * * *
The basilisk bites you!
* * * LOW HITPOINT WARNING * * *
The lindwurm bites you but does no damage.
The lindwurm claws you but does no damage. x2
Okay, then.
Okay, then.
You feel yourself speed up. The black mamba barely misses you.
The basilisk misses you. The basilisk bites you!
* * * LOW HITPOINT WARNING * * *
The lindwurm bites you but does no damage.
The lindwurm claws you but does no damage.
You block the lindwurm's attack.
The black mamba attacks as you move away!
The black mamba misses you.
You hear a distant slurping noise.
The black mamba completely misses you. The basilisk gazes at you.
You easily resist.
The lindwurm closely misses you.
The lindwurm claws you but does no damage.
The lindwurm claws you.
* * * LOW HITPOINT WARNING * * *
The black mamba attacks as you move away!
The black mamba bites you but does no damage.
The lindwurm breathes flames at you. The blast of flame hits you!!
You die...

#§≈≈ #......... ≈§≈§#
#....... §§...###### §#
#...... .§....#8#8# ≈#≈§≈
##...... #........## ≈#≈#
#....... ......l...##≈§≈#
##....... ......lk.##≈≈≈#
#........ .........S#≈≈#
#........ ........#@≈≈###
###......
....§§..#..##8#######.....
##.§§§≈###§§#..8#8# #.....
##≈§§≈≈≈.§§.....## ###...
#≈§§≈≈.≈≈#......######..
≈≈######k≈≈.........####.
≈# ..∆##.§≈#.........#..
..J$#.§§≈##........#.
....#§≈........####.#


You could see a lindwurm (catching breath), a black mamba and 2 basilisks.

Vanquished Creatures
  3 hydras
  2 catoblepae (Lair:5)
  A boulder beetle (Lair:4)
  An ogre mage (Volcano)
  4 two-headed ogres (Volcano)
  9 death yaks (Lair:5)
  A salamander (Lair:3)
  5 black mambas
  2 molten gargoyles (Volcano)
  Joseph (D:7)
  A rime drake (Lair:5)
  An unseen horror (D:9)
  11 cane toads
  9 komodo dragons
  9 polar bears
  A troll (D:9)
  4 blink frogs (Lair:3)
  Grinder (D:4)
  4 dream sheep (Lair:5)
  6 basilisks
  4 wyverns
  16 yaks
  2 fire bats (Volcano)
  A steam dragon (D:6)
  2 hell hounds (Lair:4)
  15 water moccasins
  An orc warrior (D:9)
  A sky beast (D:7)
  A black bear (D:6)
  3 ice beasts
  2 ogres (D:4)
  9 wolves
  3 centaurs (D:9)
  10 bullfrogs
  3 scorpions
  A necrophage (D:6)
  A gnoll sergeant (D:8)
  4 wights (D:8)
  12 killer bees (D:9)
  A howler monkey (D:7)
  11 lava snakes
  A gnoll bouda (D:7)
  7 hounds
  Crazy Yiuf (D:3)
  6 orc priests
  4 jellies (Sewer)
  2 iguanas
  A sleepcap (D:7)
  Natasha (thrice) (D:3)
  8 orc wizards
  8 hell rats
  14 gnolls
  18 adders
  A river rat (Sewer)
  2 shadow imps (D:5)
  2 white imps (D:6)
  3 ufetubi
  A worm (D:3)
  5 dart slugs
  23 orcs
  10 endoplasms
  7 giant cockroaches
  6 hobgoblins
  7 jackals
  5 quokkas
  6 ball pythons
  5 bats
  5 frilled lizards
  5 goblins
  8 kobolds
  11 rats
364 creatures vanquished.

Vanquished Creatures (collateral kills)
  Gastronok (Lair:1)
  A red draconian (Volcano)
  2 molten gargoyles (Lair:5)
  A komodo dragon (Lair:2)
  A water moccasin (Lair:5)
6 creatures vanquished.

Vanquished Creatures (others)
  A polar bear (Lair:5)
  A slime creature (Lair:5)
  A yak (Lair:5)
  A water moccasin (Lair:5)
  A black bear (D:8)
  2 centaurs
  A wight (D:8)
  15 jellies
  2 orc wizards (D:5)
  A hell rat (Lair:5)
  2 endoplasms (D:4)
  5 orcs
  A bat (D:3)
  2 giant cockroaches
  A hobgoblin (D:4)
  A jackal (D:4)
  3 kobolds
  A quokka (D:5)
  35 fungi
  56 plants
133 creatures vanquished.

Grand Total: 503 creatures vanquished

Notes
Turn   | Place    | Note
-------+----------+-------------------------------------------
     0 | D:1      | fozzywoppz the Gargoyle Fighter began the quest for the
                  | Orb.
     0 | D:1      | Reached XP level 1. HP: 14/14 MP: 1/1
    97 | D:1      | Reached XP level 2. HP: 19/19 MP: 2/2
   617 | D:1      | Found a faded altar of an unknown god.
   725 | D:1      | Found Lopew's Antique Weapon Boutique.
   787 | D:1      | Reached XP level 3. HP: 23/23 MP: 3/3
  1311 | D:1      | Reached XP level 4. HP: 21/28 MP: 4/4
  1409 | D:2      | Reached skill level 3 in Unarmed Combat
  1700 | D:2      | Reached XP level 5. HP: 31/32 MP: 5/5
  2021 | D:3      | Found a glowing drain.
  2047 | Sewer    | Entered a sewer
  2244 | Sewer    | Reached skill level 4 in Unarmed Combat
  2271 | Sewer    | Reached XP level 6. HP: 26/38 MP: 6/6
  2288 | Sewer    | Found a viscous altar of Jiyva.
  2329 | Sewer    | Reached skill level 1 in Dodging
  2451 | Sewer    | Upgraded the game from 0.30-a0-718-geaa24f58ff to
                  | 0.30-a0-800-g7c544603b3
  2455 | Sewer    | Became a worshipper of Jiyva Jeneer the Shapeless
  2494 | D:3      | Noticed Natasha
  2504 | D:3      | Killed Natasha
  2532 | D:3      | Noticed Natasha
  2546 | D:3      | Killed Natasha
  2892 | D:3      | Found a runed translucent door.
  2893 | D:3      | Noticed Crazy Yiuf
  2903 | D:3      | Killed Crazy Yiuf
  2904 | D:3      | Reached skill level 5 in Shields
  2904 | D:3      | Reached skill level 5 in Unarmed Combat
  2922 | D:3      | Noticed Natasha
  2923 | D:3      | Reached * piety under Jiyva
  2936 | D:3      | Killed Natasha
  2937 | D:3      | Reached XP level 7. HP: 36/43 MP: 7/7
  3137 | D:4      | Noticed Grinder
  3146 | D:4      | Paralysed by Grinder for 4 turns
  3162 | D:4      | Killed Grinder
  3163 | D:4      | Reached skill level 5 in Fighting
  3180 | D:4      | Reached skill level 6 in Unarmed Combat
  3223 | D:4      | Reached XP level 8. HP: 33/49 MP: 8/8
  3316 | D:4      | Reached ** piety under Jiyva
  3402 | D:4      | Found a staircase to the Ecumenical Temple.
  3571 | D:5      | Entered Level 5 of the Dungeon
  3655 | D:5      | Reached skill level 7 in Unarmed Combat
  3814 | D:5      | Upgraded the game from 0.30-a0-800-g7c544603b3 to
                  | 0.30-a0-840-ga523dec638
  3818 | D:5      | Found an ornate altar of the Wu Jian Council.
  3939 | D:6      | Reached skill level 8 in Unarmed Combat
  3973 | D:6      | Reached skill level 9 in Unarmed Combat
  3997 | D:6      | Upgraded the game from 0.30-a0-840-ga523dec638 to
                  | 0.30-a0-847-g17996783a1
  4116 | D:6      | Found Estre Yph's Magic Scroll Shop.
  4126 | D:6      | Reached *** piety under Jiyva
  4153 | D:6      | Reached skill level 1 in Stealth
  4171 | D:6      | Reached XP level 9. HP: 54/54 MP: 9/9
  4309 | D:6      | Found a bloodstained altar of Trog.
  4309 | D:6      | Found an opulent altar of Gozag.
  4448 | D:6      | Gained mutation: Your muscles are strong. (Str +4, Int/Dex
                  | -1) [Jiyva's grace]
  4448 | D:6      | Gained mutation: Your muscles are very strong. (Str +8,
                  | Int/Dex -2) [Jiyva's grace]
  4448 | D:6      | Gained mutation: Your flesh is cold resistant. (rC+)
                  | [Jiyva's grace]
  4448 | D:6      | Gained mutation: Your flesh is very cold resistant. (rC++)
                  | [Jiyva's grace]
  4867 | D:7      | Reached skill level 1 in Evocations
  4932 | D:7      | Noticed Joseph
  4950 | D:7      | Killed Joseph
  4997 | D:6      | Bought a scroll of magic mapping for 97 gold pieces
  5012 | D:7      | Found a glowing golden altar of the Shining One.
  5083 | D:7      | Reached **** piety under Jiyva
  5157 | D:7      | Upgraded the game from 0.30-a0-847-g17996783a1 to
                  | 0.30-a0-857-gcaf70739d4
  5221 | D:7      | Identified the +4 hand axe of Expedience {chaos, rPois
                  | Int+3 Dex-4}
  6048 | D:8      | You fall into a shaft and drop 1 floor!
  6049 | D:9      | Noticed a troll
  6071 | D:9      | Killed an unseen horror
  6077 | D:9      | Killed a troll
  6087 | D:9      | Reached skill level 10 in Unarmed Combat
  6101 | D:9      | Reached XP level 10. HP: 46/61 MP: 10/10
  6158 | D:9      | Reached skill level 5 in Stealth
  6257 | D:9      | Found a staircase to the Lair.
  6433 | D:9      | Found a staircase to the Orcish Mines.
  6435 | D:9      | Reached ***** piety under Jiyva
  6521 | D:8      | Identified the +2 cloak "Etauc" {*Corrode rPois Int+5}
  6851 | D:8      | Lost mutation: Your flesh is very cold resistant. (rC++)
                  | [Jiyva's grace]
  6851 | D:8      | Gained mutation: A frigid envelope surrounds you and
                  | freezes all who hurt you. [Jiyva's grace]
  6851 | D:8      | Gained mutation: Your flesh is very cold resistant. (rC++)
                  | [Jiyva's grace]
  6851 | D:8      | Gained mutation: Your flesh is almost immune to the effects
                  | of cold. (rC+++) [Jiyva's grace]
  6851 | D:8      | Gained mutation: Your rubbery body absorbs attacks. (AC +1,
                  | EV +1) [Jiyva's grace]
  7286 | Lair:1   | Entered Level 1 of the Lair of Beasts
  7427 | Lair:1   | Noticed a cane toad
  7429 | Lair:1   | Noticed a cane toad
  7441 | Lair:1   | Killed a cane toad
  7445 | Lair:1   | Killed a cane toad
  7464 | Lair:1   | Reached skill level 5 in Evocations
  7475 | Lair:1   | Identified the +7 war axe of Muthrodi {vamp, Drain rCorr
                  | Str+3}
  7816 | Lair:1   | Noticed a cane toad
  7823 | Lair:1   | Killed a cane toad
  7972 | Lair:1   | Noticed Gastronok
  7985 | Lair:1   | Killed Gastronok
  7986 | Lair:1   | Reached XP level 11. HP: 51/69 MP: 11/11
  8028 | Lair:1   | Reached ****** piety under Jiyva
  8266 | Lair:2   | Lost mutation: Your flesh is almost immune to the effects
                  | of cold. (rC+++) [Jiyva's grace]
  8266 | Lair:2   | Lost mutation: Your flesh is very cold resistant. (rC++)
                  | [Jiyva's grace]
  8266 | Lair:2   | Gained mutation: Your translucent skin slightly reduces
                  | your foes' accuracy. (Stealth+) [Jiyva's grace]
  8266 | Lair:2   | Gained mutation: Your translucent skin reduces your foes'
                  | accuracy. (Stealth+) [Jiyva's grace]
  8266 | Lair:2   | Gained mutation: Your transparent skin significantly
                  | reduces your foes' accuracy. (Stealth+) [Jiyva's grace]
  8266 | Lair:2   | Gained mutation: You are strong-willed. (Will+) [Jiyva's
                  | grace]
  8522 | Lair:2   | Reached skill level 11 in Unarmed Combat
  8918 | Lair:2   | Noticed an eight-headed hydra
  8925 | Lair:2   | Killed an eight-headed hydra
  9230 | Lair:3   | Lost mutation: You are strong-willed. (Will+) [Jiyva's
                  | grace]
  9230 | Lair:3   | Lost mutation: A frigid envelope surrounds you and freezes
                  | all who hurt you. [Jiyva's grace]
  9230 | Lair:3   | Lost mutation: Your muscles are very strong. (Str +8,
                  | Int/Dex -2) [Jiyva's grace]
  9230 | Lair:3   | Lost mutation: Your muscles are strong. (Str +4, Int/Dex
                  | -1) [Jiyva's grace]
  9230 | Lair:3   | Lost mutation: Your transparent skin significantly reduces
                  | your foes' accuracy. (Stealth+) [Jiyva's grace]
  9230 | Lair:3   | Gained mutation: You are partially covered in iridescent
                  | scales. (AC +2) [Jiyva's grace]
  9230 | Lair:3   | Gained mutation: You are mostly covered in iridescent
                  | scales. (AC +4) [Jiyva's grace]
  9230 | Lair:3   | Gained mutation: You are completely covered in iridescent
                  | scales. (AC +6) [Jiyva's grace]
  9230 | Lair:3   | Gained mutation: Your spells are a little harder to cast,
                  | but a little more powerful. [Jiyva's grace]
  9310 | Lair:3   | Found a staircase to the Swamp.
  9333 | Lair:3   | Noticed a six-headed hydra
  9346 | Lair:3   | Killed a six-headed hydra
  9388 | Lair:3   | Reached XP level 12. HP: 77/77 MP: 12/12
  9426 | Lair:3   | Found a runed translucent door.
  9430 | Lair:3   | Noticed Ryskou's ghost (journeyman DsFi)
  9551 | Lair:3   | Reached skill level 10 in Fighting
  9551 | Lair:3   | Reached skill level 10 in Shields
  9668 | Lair:3   | Found a staircase to the Snake Pit.
 10010 | Lair:4   | Reached skill level 12 in Unarmed Combat
 10111 | Lair:4   | Found a dark tunnel.
 10132 | Volcano  | Entered a volcano
 10501 | Volcano  | Found a burning altar of Makhleb.
 10501 | Volcano  | Noticed a two-headed ogre
 10501 | Volcano  | Noticed an ogre mage
 10501 | Volcano  | Noticed a two-headed ogre
 10501 | Volcano  | Noticed a two-headed ogre
 10511 | Volcano  | Killed a two-headed ogre
 10520 | Volcano  | Killed a two-headed ogre
 10521 | Volcano  | Reached skill level 10 in Stealth
 10526 | Volcano  | Killed a two-headed ogre
 10528 | Volcano  | Killed an ogre mage
 10529 | Volcano  | Reached skill level 13 in Unarmed Combat
 10538 | Volcano  | Noticed a two-headed ogre
 10541 | Volcano  | Killed a two-headed ogre
 10604 | Volcano  | Noticed a red draconian
 10617 | Volcano  | Killed a red draconian
 10860 | Lair:4   | Found a runed translucent door.
 10860 | Lair:4   | Found a viscous altar of Jiyva.
 10860 | Lair:4   | Found a staircase to the Slime Pits.
 10860 | Lair:4   | Noticed an acid blob
 10876 | Slime:1  | Entered Level 1 of the Pits of Slime
 10876 | Slime:1  | Noticed an azure jelly
 10876 | Slime:1  | Noticed a great orb of eyes
 10879 | Slime:1  | Noticed an acid blob
 10880 | Slime:1  | Noticed an acid blob
 10885 | Slime:1  | Noticed an acid blob
 10933 | Slime:1  | Noticed a rockslime
 10950 | Slime:1  | Noticed an acid blob
 11086 | Slime:2  | Noticed a great orb of eyes
 11091 | Slime:3  | Noticed a rockslime
 11091 | Slime:3  | Noticed an acid blob
 11091 | Slime:3  | Noticed an acid blob
 11094 | Slime:3  | Noticed an acid blob
 11099 | Slime:4  | Noticed an acid blob
 11107 | Slime:5  | Entered Level 5 of the Pits of Slime
 11110 | Slime:5  | Noticed an acid blob
 11110 | Slime:5  | Noticed an acid blob
 11122 | Slime:5  | Found a viscous altar of Jiyva.
 11122 | Slime:5  | Noticed an acid blob
 11122 | Slime:5  | Noticed a quicksilver ooze
 11124 | Slime:5  | Noticed an acid blob
 11124 | Slime:5  | Found the +5 woodcutter's axe
 11124 | Slime:5  | Noticed a quicksilver ooze
 11125 | Slime:5  | Noticed an acid blob
 11125 | Slime:5  | Noticed a rockslime
 11126 | Slime:5  | Noticed a great orb of eyes
 11126 | Slime:5  | Noticed a great orb of eyes
 11127 | Slime:5  | Noticed an acid blob
 11127 | Slime:5  | Noticed an acid blob
 11127 | Slime:5  | Noticed the Royal Jelly
 11129 | Slime:5  | Got the Information on Variation
 11131 | Slime:5  | Identified the ring "Ruwuigem" {*Corrode rN++ Str+6}
 11133 | Slime:5  | Noticed an acid blob
 11136 | Slime:5  | Noticed a rockslime
 11141 | Slime:5  | Identified the +3 war axe "Deddam" {heavy, Str+2 Stlth+}
 11154 | Slime:5  | Identified the +3 executioner's axe of Mapp {flame, rCorr
                  | Str+5 Int+2 Stlth-}
 11166 | Slime:5  | Got a slimy rune of Zot
 11187 | Slime:5  | Noticed an acid blob
 11226 | Slime:5  | Noticed a great orb of eyes
 11288 | Slime:5  | Noticed a rockslime
 11290 | Slime:5  | Noticed a great orb of eyes
 11311 | Slime:5  | Noticed an acid blob
 11320 | Slime:5  | Identified the +3 morningstar of Expedience {venom, Int+4
                  | Dex-3}
 11538 | Slime:3  | Noticed a rockslime
 11555 | Slime:3  | Noticed a great orb of eyes
 11565 | Slime:3  | Noticed an acid blob
 11632 | Lair:4   | Noticed a six-headed hydra
 11642 | Lair:4   | Killed a six-headed hydra
 11643 | Lair:4   | Reached skill level 14 in Unarmed Combat
 11730 | Lair:4   | Noticed a boulder beetle
 11760 | Lair:4   | Killed a boulder beetle
 11761 | Lair:4   | Reached XP level 13. HP: 79/82 MP: 13/13
 12082 | Lair:5   | Entered Level 5 of the Lair of Beasts
 12082 | Lair:5   | Lost mutation: Your translucent skin reduces your foes'
                  | accuracy. (Stealth+) [Jiyva's grace]
 12082 | Lair:5   | Gained mutation: You are covered in slimy tendrils that may
                  | disarm your opponents. [Jiyva's grace]
 12082 | Lair:5   | Gained mutation: You have a small jelly attached to you
                  | that senses nearby items. [Jiyva's grace]
 12082 | Lair:5   | Gained mutation: Armour fits poorly on your pseudopods.
                  | [Jiyva's grace]
 12082 | Lair:5   | Gained mutation: Armour fits poorly on your large
                  | pseudopods. [Jiyva's grace]
 12216 | Lair:5   | Reached skill level 5 in Armour
 12752 | Lair:5   | Found a large runed translucent door.
 12752 | Lair:5   | Noticed a fire dragon
 12796 | Lair:5   | Gained mutation: Your large and strong wings let you fly.
                  | [Gargoyle growth]
 12796 | Lair:5   | Reached XP level 14. HP: 58/90 MP: 14/14
 12801 | Lair:5   | HP: 4/90 [lindwurm (13)]
 12806 | Lair:5   | Killed from afar by a lindwurm

Illustrated notes

Levels and vault maps discovered:
D:1:      minmay_arrival_stone_box, layout_basic, serial_shops,
          nicolae_shop_statue_plus, ebering_ecumenical_altar_abandoned
D:2:      layout_loops_cross
D:3:      layout_rooms, gup_sewer_entry_bubbles, minmay_misc_feat_roman,
          uniq_natasha, uniq_crazy_yiuf_cottage
D:4:      layout_cave_pools, minmay_temple_entry_from_below_b,
          roderic_roman_lattice, uniq_grinder
D:5:      layout_basic, mainiacjoe_overflow_brackets, dk_noncrumbling_4
D:6:      layout_basic, nicolae_overflow_two_pavilions, st_stairs_7,
          minmay_statues_item, serial_bayou_pond_b, nicolae_take_the_stairs
D:7:      layout_layer_cave, mainiacjoe_overflow_cross_hatched,
          amcnicky_mini_pool_small, uniq_joseph
D:8:      layout_loops_ring
D:9:      layout_long_grid, erik_lair_island, grunt_decor_cap, uniq_maurice,
          uniq_psyche
Lair:1:   layout_cave_pods, minmay_stone_trees_medium, uniq_gastronok
Lair:2:   layout_hall_layers
Lair:3:   layout_misc_corridors, swamp_mist, nicolae_snake_entry_warm_welcome,
          ebering_ghost_reflecting_pool, cheibrodos_lair_lostbears
Lair:4:   layout_loops_ring, slime_entry_2, enter_volcano_3, st_stairs_13,
          grunt_megastairs_2
Lair:5:   cheibrodos_lair_end_hotspot, layout_regular_city, lemuel_old_faithful
Slime:1:  nicolae_slime_infinislime, layout_caves,
          cheibrodos_slime_lost_civilization_4
Slime:2:  cheibrodos_slime_lost_civilization_9, layout_caves
Slime:3:  layout_caves, cheibrodos_slime_lost_civilization_7
Slime:4:  layout_caves, nicolae_slime_barrier, nicolae_slime_rock_hall_of_fame
Slime:5

Skill      XL: |  1  2  3  4  5  6  7  8  9 10 11 12 13 |
---------------+----------------------------------------+-----
Shields        | 4 5 6 8 9 10 11 | 11.3
Armour         | 4 6 |  6.7
Unarmed Combat | 3 4 5 6 9 10 11 14 | 14.9
Fighting       | 4 5 6 8 9 10 11 | 11.3
Dodging        | 1 2 |  2.0
Stealth        | 1 4 6 8 10 11 | 11.5
Evocations     | 3 5 |  5.0

Action                     |  1- 3 |  4- 6 |  7- 9 | 10-12 | 13-15 || total
---------------------------+-------+-------+-------+-------+-------++-------
  Melee: Unarmed           |   149 |   250 |   350 |   657 |   262 ||  1668
         Pseudopods        |       |       |       |       |    68 ||    68
 Invoke: Oozemancy         |       |       |       |     1 |     3 ||     4
         Slimify           |       |       |       |       |     2 ||     2
  Evoke: Wand              |       |     2 |     2 |     5 |       ||     9
    Use: Potion            |     1 |     2 |     3 |     8 |     4 ||    18
         Scroll            |       |     2 |     8 |     6 |       ||    16
   Stab: Sleeping          |       |       |       |     3 |     3 ||     6
         Distracted        |       |       |       |     1 |     1 ||     2
 Armour: Scale mail        |    65 |   121 |   198 |    91 |       ||   475
         Chain mail        |       |       |       |   285 |   157 ||   442
  Dodge: Dodged            |    73 |   102 |   161 |   331 |   121 ||   788
  Block: Buckler           |    31 |    63 |   106 |   210 |   110 ||   520

Table legend: (Time is in decaauts)
 A = Elapsed time spent in this place.
 B = Non-inter-level travel time spent in this place.
 C = Inter-level travel time spent in this place.
 D = Time resting spent in this place.
 E = Time spent auto-exploring this place.
 F = Levels seen in this place.
 G = Mean time per level.
                   A        B        C        D        E       F      G
               +--------+--------+--------+--------+--------+-----+--------+
         Total |  12575 |  12132 |    443 |    122 |   7538 |  21 |  598.8 |
       Dungeon |   6810 |   6485 |    325 |     29 |   4412 |   9 |  756.7 |
          Lair |   4085 |   3986 |     99 |     18 |   2545 |   5 |  817.0 |
    Slime Pits |    702 |    683 |     19 |      0 |    431 |   5 |  140.4 |
         Sewer |    445 |    445 |      0 |     58 |    120 |   1 |  445.0 |
       Volcano |    531 |    531 |      0 |     17 |     30 |   1 |  531.0 |
               +--------+--------+--------+--------+--------+-----+--------+

Top non-repeatable levels by time:
     D:7: 1149 daAuts
  Lair:2: 1019 daAuts
     D:1: 981 daAuts
     D:6: 941 daAuts
     D:2: 930 daAuts
  Lair:1: 888 daAuts
  Lair:4: 815 daAuts
     D:8: 801 daAuts
  Lair:3: 720 daAuts
     D:3: 677 daAuts
  Lair:5: 641 daAuts
     D:4: 561 daAuts
 Volcano: 531 daAuts
   Sewer: 445 daAuts
     D:9: 432 daAuts
